 Dungeon Crawl Stone Soup version 0.17.1-2-g5865329 (webtiles) character file.

103 Mysteryquy the Skirmisher (level 4, 0/50 HPs)
             Began as an Ogre Fighter on Jan 17, 2016.
             Slain by an adder (1 damage)
             ... on level 3 of the Dungeon.
             The game lasted 00:04:08 (1941 turns).

Mysteryquy the Skirmisher (Ogre Fighter)            Turns: 1941, Time: 00:04:08

Health: 0/50       AC:  3    Str: 22    XL:     4   Next: 79%
Magic:  4/4        EV:  8    Int:  7    God:
Gold:   130        SH:  8    Dex:  9    Spells: 0 memorised, 3 levels left

rFire  + . .     SeeInvis .     a - +0 flail
rCold  . . .     Clarity  .     b - +0 robe
rNeg   . . .     SustAt   .     c - +0 shield
rPois  .         Gourm    .     (helmet restricted)
rElec  .         Spirit   .     (no cloak)
rCorr  .         Warding  .     (gloves unavailable)
rMut   .         Stasis   +     (boots unavailable)
MR     .....                    s - amulet of stasis
Stlth  +.........               (no ring)
                                x - ring of protection from fire

@: lethally poisoned (0 -> -5), not resistant to hostile enchantments, very
unstealthy
A: unfitting armour, tough skin 1
a: no special abilities


You were on level 3 of the Dungeon.
You were hungry.

You visited 1 branch of the dungeon, and saw 3 of its levels.

You collected 130 gold pieces.

Inventory:

Hand Weapons
 a - a +0 flail (weapon)
Armour
 b - a +0 robe (worn)
 c - a +0 shield (worn)
Jewellery
 s - an amulet of stasis (around neck)
 x - a ring of protection from fire (left hand)
Scrolls
 i - a scroll of blinking {unknown}
 o - 2 scrolls of enchant armour {unknown}
 q - a scroll of identify {unknown}
 r - a scroll of remove curse {unknown}
 t - a scroll of immolation {unknown}
 u - a scroll of enchant weapon {unknown}
 v - a scroll of amnesia {unknown}
 y - a scroll of teleportation {unknown}
Potions
 d - 2 potions of might
 f - a potion of agility {unknown}
 g - 3 potions of brilliance {unknown}
 h - a potion of resistance {unknown}
 k - a potion of cancellation {unknown}
 l - 3 potions of flight {unknown}
 m - 2 potions of lignification {unknown}
 p - a potion of haste {unknown}
 w - a potion of curing {unknown}
 z - a potion of degeneration {unknown}
Comestibles
 e - 2 bread rations
 j - 2 beef jerkies
 n - a slice of pizza


   Skills:
 + Level 5.2 Fighting
 + Level 3.7 Maces & Flails
 + Level 3.8 Dodging
 - Level 2.6 Shields


You had 3 spell levels left.
You didn't know any spells.

Dungeon Overview and Level Annotations

Branches:
Dungeon (3/15)

Altars:
Nemelex Xobeh


Innate Abilities, Weirdness & Mutations

You are too large for most types of armour.
You have tough skin (AC +1).


Message History

You feel sick. The adder barely misses you. You block the kobold's attack.
You block the adder's attack. The kobold barely misses you.
You barely miss the adder.
The adder is severely wounded.
* * * LOW HITPOINT WARNING * * *
You feel sick. You block the adder's attack. The kobold closely misses you.
The adder bites you but does no damage.
You miss the adder.
The adder is severely wounded.
* * * LOW HITPOINT WARNING * * *
You feel sick. The adder bites you.
* * * LOW HITPOINT WARNING * * *
The kobold hits you.
* * * LOW HITPOINT WARNING * * *
The adder bites you but does no damage.
You miss the adder.
The adder is severely wounded.
* * * LOW HITPOINT WARNING * * *
You feel sick. You block the kobold's attack. The adder bites you.
You die...

#....##.##....
#....##..#....
########....##....... #
.......'....'........
#!########....##.......
#........'....+..#.#...
####...###....##...####
#...# #....##.#..#
#..@# #######.##.#
#.SK# #.##.## #...#
..##..# .....# ..###.##
....### ...+.....
...... ...####.. ......
#.. ...... #.. #..


You could see an adder and a kobold.

Vanquished Creatures
  Ijyb (D:3)
  An adder (D:2)
  An ooze (D:1)
  4 orcs (D:3)
  A ball python (D:1)
  4 bats
  10 hobgoblins
  3 quokkas
  A giant newt (D:2)
  10 goblins
  4 jackals
  8 kobolds
  6 rats
54 creatures vanquished.

Notes
Turn   | Place    | Note
--------------------------------------------------------------
     0 | D:1      | Mysteryquy the Ogre Fighter began the quest for the Orb.
     0 | D:1      | Reached XP level 1. HP: 24/24 MP: 1/1
    53 | D:1      | Reached XP level 2. HP: 28/32 MP: 2/2
   562 | D:1      | Reached XP level 3. HP: 38/40 MP: 3/3
  1496 | D:3      | Reached skill level 5 in Fighting
  1528 | D:3      | Reached XP level 4. HP: 28/50 MP: 4/4
  1784 | D:3      | Noticed Ijyb
  1802 | D:3      | Killed Ijyb
  1820 | D:3      | Found a sparkling altar of Nemelex Xobeh.
  1940 | D:3      | HP: 2/50 [kobold (1)]
  1941 | D:3      | Slain by an adder

Action                   |  1- 3 |  4- 6 || total
-------------------------+-------+-------++-------
Melee: Flail             |   106 |    69 ||   175
  Eat: Chunk             |     2 |     1 ||     3
